cohdb
Replays
Latest Replays
All Replays
Popular Replays
Top Player Replays
Match Explorer
How It Works
Community
CoH3 Stats
Reddit
Sign in to upload your games and track your stats! →
Sign in with Steam
Match 42097466
Unlisted
Match 42097466
Overview
Messages
Build Orders
End
Construct Infanterie Kompanie
MG 42 Machine Gun Team
Grenadier Squad
Grenadier Squad
Construct Panzergrenadier Kompanie
Panzergrenadier Squad
251 Medium Carrier
Pak 40 Anti-tank Gun Team
Pak 40 Anti-tank Gun Team
Panzergrenadier Squad
Construct Panzer Kompanie
Stoßtruppen Squad
Selects Luftwaffe Battlegroup
Selects Reconnaissance Run
Reconnaissance Run
Selects Fallschirmjäger Squad Paradrop
Selects Stuka Loiter
Panzer IV Medium Tank
Reconnaissance Run
Stuka Loiter
Selects Luftwaffe Pioneer Support
Selects Flak 38 Anti-Air Emplacement
Guille1944
shor
GeneralFacepalm
Archibald
Junta Power
BloodSpark
Arty_Q
Cons01
0
0
Comments
sign in to comment!
No comments posted yet!